 Dungeon Crawl Stone Soup version 0.28.0-45-g0d030f2227 (webtiles) character file.

Game seed: 157971784516982216

8943 nickcage the Arsonist (level 11, -5/74 HPs)
             Began as a Black Draconian Fire Elementalist on Apr 13, 2022.
             Was a Believer of Vehumet.
             Slain by a troll (6 damage)
             ... on level 1 of the Orcish Mines.
             The game lasted 00:39:11 (13690 turns).

nickcage the Arsonist (DrFE)                       Turns: 13690, Time: 00:39:11

Health: -5/74      AC: 10    Str: 12    XL:     11   Next: 16%
Magic:  16/20      EV: 12    Int: 19    God:    Vehumet [**....]
Gold:   338        SH:  5    Dex: 21    Spells: 11/22 levels left

rFire   . . .      SeeInvis .   i - +8 mace of Tyosch Goelorph {vorpal, Dex+4}
rCold   . . .      Faith    .   (no shield)
rNeg    . . .      Spirit   .   (armour unavailable)
rPois   +          Reflect  +   (helmet restricted)
rElec   +          Harm     .   G - +2 cloak {rPois}
rCorr   .          Rampage  .   (no gloves)
Will    .....                   (no boots)
Stlth   ++........              p - amulet of reflection
HPRegen 0.22/turn               v - +6 ring of dexterity
MPRegen 0.17/turn               (no ring)

@: no status effects
A: breathe lightning, AC +7, unfitting armour, electricity resistance,
cold-blooded
a: Breathe Lightning, Renounce Religion


You were on level 1 of the Orcish Mines.
You worshipped Vehumet.
Vehumet was pleased with you.
You visited 3 branches of the dungeon, and saw 12 of its levels.

You collected 364 gold pieces.
You spent 26 gold pieces at shops.

Inventory:

Hand Weapons
 a - a +0 short sword
 g - a +1 dagger of protection
 i - the +8 mace of Tyosch Goelorph (weapon) {vorpal, Dex+4}
   (You found it on level 3 of the Dungeon)

   It inflicts extra damage upon your enemies.
   Dex:       It affects your dexterity (+4).
Missiles
 k - 3 throwing nets
Armour
 j - a +0 cloak
 G - a +2 cloak of poison resistance (worn)
 H - a +0 pair of gloves
Magical Staves
 b - a staff of fire
Jewellery
 p - an amulet of reflection (around neck)
 r - a ring of fire
 v - a +6 ring of dexterity (left hand)
 J - a ring of ice
Wands
 q - a wand of polymorph (9)
 x - a wand of flame (4)
 A - a wand of charming (4)
 E - a wand of iceblast (9)
Scrolls
 c - a scroll of fear
 d - 8 scrolls of identify
 l - a scroll of holy word
 o - 5 scrolls of amnesia
 y - a scroll of teleportation
 C - a scroll of silence
Potions
 e - a potion of attraction
 f - 3 potions of might
 h - 3 potions of mutation
 m - 6 potions of curing
 n - 2 potions of haste {unknown}
 s - a potion of invisibility {unknown}
 t - a potion of degeneration {unknown}
 u - 2 potions of lignification {unknown}
 z - 2 potions of heal wounds
 B - a potion of magic {unknown}
 D - a potion of ambrosia {unknown}
 F - a potion of cancellation {unknown}
 I - a potion of brilliance {unknown}


   Skills:
 - Level 1.7 Dodging
 - Level 1.7 Stealth
 - Level 1.5 Shields
 - Level 6.1 Spellcasting
 * Level 7.9 Conjurations
 + Level 14.3 Fire Magic
 - Level 0.1 Evocations


You had 11 spell levels left.
You knew the following spells:

 Your Spells              Type           Power      Damage    Failure   Level
a - Foxfire               Conj/Fire      100%       2x1d9     1%          1
b - Scorch                Fire           100%       2d10      1%          2
c - Conjure Flame         Conj/Fire      48%        6-21      1%          3
d - Flame Wave            Conj/Fire      48%        2d10      1%          4
e - Shock                 Conj/Air       80%        1d8       2%          1

Your spell library contained the following spells:

 Spells                   Type           Power      Damage    Failure   Level
 Magic Dart               Conj           100%       1d8       1%          1
 Inner Flame              Hex/Fire       33%        N/A       1%          3
 Dazzling Flash           Conj/Hex       40%        N/A       7%          3
 Freeze                   Ice            20%        1d4       11%         1
 Corpse Rot               Necr/Air       10%        N/A       17%         2
 Hailstorm                Conj/Ice       20%        3d6       22%         4
 Frozen Ramparts          Ice            10%        1d3       32%         3
 Dispel Undead            Necr           5%         3d7       73%         4
 Agony                    Necr           5%         N/A       97%         5
 Silence                  Hex/Air        2%         N/A       97%         5
 Death Channel            Necr           2%         N/A       100%        6


Dungeon Overview and Level Annotations

Branches:
Dungeon (10/15)            Temple (1/1) D:7            Lair (0/6) D:9
    Orc (1/2) D:9

Altars:
Ashenzari
Cheibriados
Dithmenos
Elyvilon
Fedhas
Gozag
Hepliaklqana
Kikubaaqudgha
Makhleb
Nemelex Xobeh
Okawaru
Qazlal
Ru
Sif Muna
Trog
Uskayaw
Vehumet
Wu Jian
Xom
Yredelemnul
Zin
The Shining One

Shops:
D:1 =   D:2 ?

Annotations:
D:10 Josephine


Innate Abilities, Weirdness & Mutations

You can breathe wild blasts of lightning.
Your glossy black scales are hard. (AC +7)
You cannot fit into any form of body armour.
You are resistant to electric shocks. (rElec)
You are cold-blooded and may be slowed by cold attacks.


Message History

Your attack snaps the orc knight out of its fear.
The orc convulses!
Your attack snaps the orc out of its fear.
The orc warrior convulses!
Your attack snaps the orc warrior out of its fear.
The orc warrior convulses!
Your attack snaps the orc warrior out of its fear.
The orc convulses!
Your attack snaps the orc out of its fear.
The orc convulses!
Your attack snaps the orc out of its fear.
Casting: Scorch (safe; 1% risk of failure)
Confirm with . or Enter, or press ? or * to list all spells.
Casting: Flame Wave (dangerous; 1% risk of failure)
Press: ? - help, Dir - look around, f - activate A wave of flame ripples out!
The flame wave engulfs the orc!
You kill the orc!
Vehumet accepts your kill.
The flame wave engulfs the troll.
The troll is heavily wounded.
The flame wave engulfs the troll!
The troll is severely wounded.
The flame wave engulfs the troll!
The troll is severely wounded.
The flame wave engulfs the orc!
You kill the orc!
Vehumet accepts your kill.
The flame wave engulfs the orc warrior.
The orc warrior is severely wounded. (Press . to intensify the flame waves.)
The troll bites you!
* * * LOW HITPOINT WARNING * * *
You block the troll's attack. The troll claws you!
* * * LOW HITPOINT WARNING * * *
You block the troll's attack. The troll closely misses you.
The troll claws you but does no damage.
The orc warrior hits you with a +0 mace!
* * * LOW HITPOINT WARNING * * *
The troll bites you but does no damage. The troll claws you.
You die...

.....$......##.
$.........#.#..
..o.$..........
.o.............
....o..........
...............
......oT)......
#...o>@T......
#.#...T#o......
...o... .^.....
...o#.# .......
..o o# .....##
.. .. ......# .
.. ....... ...
.......


You could see an orc knight, 3 trolls, 4 orc warriors, an orc priest (strong)
and 4 orcs.

Vanquished Creatures
  Fannar (D:10)
  A two-headed ogre (D:9)
  Maurice (D:8)
  Maggie (D:6)
  A troll (D:9)
  Eustachio (D:6)
  2 wraiths
  9 yaks
  A wyvern (D:10)
  6 vampire mosquitoes
  Menkaure (D:5)
  An acid dragon (D:9)
  Duvessa (D:7)
  5 water moccasins
  2 orc warriors
  5 black bears (D:9)
  A necrophage (D:7)
  An ice beast (D:5)
  2 ogres
  A centaur (D:9)
  A phantom (D:5)
  A kobold brigand (D:8)
  2 bullfrogs
  5 scorpions
  Dowan (D:7)
  13 killer bees
  8 howler monkeys
  2 bullfrog zombies
  2 jellies
  A hound (D:5)
  4 orc priests
  A centaur skeleton (D:6)
  Crazy Yiuf (D:3)
  2 gnoll shamans
  An iguana (D:4)
  8 orc wizards
  Natasha (thrice) (D:3)
  A killer bee zombie (D:7)
  A hound zombie (D:5)
  A mummy (D:7)
  7 gnolls
  3 adders
  A shadow imp (D:7)
  2 ufetubi (D:6)
  A worm (D:2)
  2 dart slugs (D:2)
  13 orcs
  4 ball pythons
  5 endoplasms
  6 giant cockroaches
  8 goblins
  2 hobgoblins (D:1)
  3 quokkas
  5 bats
  5 frilled lizards
  2 hobgoblin zombies (D:7)
  10 kobolds
  2 kobold zombies (D:7)
  2 rats (D:1)
186 creatures vanquished.

Vanquished Creatures (others)
  18 foxfires
  37 fungi (D:9)
  35 plants (D:9)
90 creatures vanquished.

Grand Total: 276 creatures vanquished

Notes
Turn   | Place    | Note
-------+----------+-------------------------------------------
     0 | D:1      | nickcage the Draconian Fire Elementalist began the quest
                  | for the Orb.
     0 | D:1      | Reached XP level 1. HP: 14/14 MP: 3/3
   114 | D:1      | Reached XP level 2. HP: 17/20 MP: 1/5
   117 | D:1      | Learned a level 2 spell: Scorch
   465 | D:1      | Found Teab's Jewellery Boutique.
   765 | D:1      | Found a faded altar of an unknown god.
   952 | D:2      | Reached skill level 4 in Fire Magic
   981 | D:2      | Reached XP level 3. HP: 23/26 MP: 0/6
  1051 | D:2      | Found a shimmering altar of Xom.
  1627 | D:2      | Found Zoet Jeh's Magic Scroll Emporium.
  1637 | D:2      | Bought a scroll of identify for 26 gold pieces
  1854 | D:3      | Noticed Natasha
  1856 | D:3      | Killed Natasha
  1857 | D:3      | Reached XP level 4. HP: 33/33 MP: 2/7
  1860 | D:3      | Reached skill level 5 in Fire Magic
  1939 | D:3      | Noticed Natasha
  1945 | D:3      | Killed Natasha
  2161 | D:3      | Reached XP level 5. HP: 38/38 MP: 5/8
  2229 | D:3      | Learned a level 3 spell: Conjure Flame
  2283 | D:3      | Identified the +6 short sword of Indomitability {speed,
                  | Will+ rCorr}
  2427 | D:3      | Identified the +8 mace of Tyosch Goelorph {vorpal, Dex+4}
  2430 | D:3      | Found a runed translucent door.
  2431 | D:3      | Noticed Crazy Yiuf
  2439 | D:3      | Killed Crazy Yiuf
  2563 | D:3      | Noticed Natasha
  2573 | D:3      | Killed Natasha
  2574 | D:3      | Reached skill level 6 in Fire Magic
  3155 | D:4      | Reached XP level 6. HP: 41/45 MP: 0/9
  4737 | D:5      | Entered Level 5 of the Dungeon
  4870 | D:5      | Your scales start taking on a glossy black colour.
  4870 | D:5      | Reached XP level 7. HP: 50/50 MP: 5/13
  4870 | D:5      | Gained mutation: You are resistant to electric shocks.
                  | (rElec) [Black Draconian growth]
  5076 | D:5      | Reached skill level 5 in Spellcasting
  5464 | D:5      | Noticed Menkaure
  5469 | D:5      | Killed Menkaure
  5631 | D:6      | Noticed Maggie
  5641 | D:6      | Killed Maggie
  5642 | D:6      | Reached skill level 7 in Fire Magic
  5642 | D:6      | Reached XP level 8. HP: 23/57 MP: 3/17
  6016 | D:6      | Noticed Eustachio
  6028 | D:6      | Killed Eustachio
  6029 | D:6      | Reached skill level 8 in Fire Magic
  6691 | D:7      | Reached skill level 1 in Shields
  7656 | D:7      | Reached skill level 9 in Fire Magic
  7658 | D:7      | Reached XP level 9. HP: 62/62 MP: 9/18
  7681 | D:7      | Learned a level 4 spell: Flame Wave
  7765 | D:7      | Found a staircase to the Ecumenical Temple.
  7772 | Temple   | Entered the Ecumenical Temple
  8012 | Temple   | Became a worshipper of Vehumet
  8392 | D:7      | Noticed Duvessa
  8394 | D:7      | Noticed Dowan
  8402 | D:7      | Killed Dowan
  8405 | D:7      | Killed Duvessa
  8584 | D:8      | Reached skill level 5 in Conjurations
  9335 | D:8      | Noticed Maurice
  9336 | D:8      | Reached skill level 10 in Fire Magic
  9509 | D:8      | Killed Maurice
  9941 | D:8      | Reached skill level 11 in Fire Magic
 10507 | D:8      | Identified a scroll of acquirement
 10507 | D:8      | Acquired a staff of fire
 10704 | D:8      | Reached XP level 10. HP: 60/69 MP: 3/19
 10915 | D:9      | Found a staircase to the Orcish Mines.
 10956 | D:9      | Reached * piety under Vehumet
 10956 | D:9      | Offered knowledge of Shock by Vehumet.
 10965 | D:9      | Learned a level 1 spell: Shock
 11142 | D:9      | Reached skill level 12 in Fire Magic
 11431 | D:9      | Found a staircase to the Lair.
 11846 | D:9      | Noticed a two-headed ogre
 11853 | D:9      | Killed a two-headed ogre
 11957 | D:9      | Reached skill level 13 in Fire Magic
 12125 | D:9      | Offered knowledge of Magic Dart by Vehumet.
 12376 | D:10     | Entered Level 10 of the Dungeon
 12376 | D:10     | Noticed Josephine
 12519 | D:10     | Noticed Fannar
 12532 | D:10     | Killed Fannar
 12892 | D:10     | Found a broken altar of Ashenzari.
 12917 | D:10     | Reached XP level 11. HP: 71/74 MP: 13/20
 12995 | D:10     | Reached skill level 14 in Fire Magic
 13010 | D:10     | Reached ** piety under Vehumet
 13423 | Orc:1    | Entered Level 1 of the Orcish Mines
 13687 | Orc:1    | Noticed an orc knight
 13690 | Orc:1    | HP: 1/74 [orc warrior/+0 mace[an orc knight] (8)]
 13690 | Orc:1    | Slain by a troll

Illustrated notes

Levels and vault maps discovered:
D:1:      erik_arrival_blinker_ship, layout_loops_cross, serial_shops, shop,
          ebering_ecumenical_altar_webs
D:2:      layout_rooms, basic_altar, serial_shops, shop,
          chequers_serial_rivers_room_b
D:3:      layout_loops_ring, uniq_natasha, uniq_crazy_yiuf_cottage
D:4:      layout_layer_cave
D:5:      layout_basic, nicolae_fountain_basement, uniq_menkaure
D:6:      layout_basic, hex_tiny, uniq_eustachio, uniq_maggie
D:7:      layout_loops_corners, minmay_temple_entry_junction_2,
          minmay_mini_ossuary, uniq_duvessa
D:8:      layout_basic, uniq_maurice
D:9:      layout_basic, due_lair_maze_entry_diamond, orc_0_dummy, serial_curves,
          eino_curves_02, eino_curves_01, interstate_on_off
D:10:     layout_roguey, ashenzari_altar_1, uniq_fannar, uniq_josephine,
          uniq_harold
Temple:   mainiacjoe_temple_starburst
Orc:1:    layout_caves, serial_shops, shop_statue

Skill      XL: |  1  2  3  4  5  6  7  8  9 10 11 |
---------------+----------------------------------+-----
Fire Magic     | 4 5 6 7 9 11 13 14 | 14.3
Spellcasting   | 4 6 |  6.1
Conjurations   | 3 4 6 7 |  7.9
Shields        | 1 |  1.5
Dodging        | |  1.7
Stealth        | |  1.7
Evocations     | |  0.1

Action                   |  1- 3 |  4- 6 |  7- 9 | 10-12 || total
-------------------------+-------+-------+-------+-------++-------
Melee: Short sword       |    17 |       |       |       ||    17
       Tailslap          |     2 |       |     2 |       ||     4
       Unarmed           |     1 |       |    10 |       ||    11
       Dagger            |       |     2 |       |       ||     2
       Mace              |       |     9 |     7 |     3 ||    19
 Cast: Foxfire           |     8 |     2 |       |       ||    10
       Scorch            |    33 |    48 |   142 |   108 ||   331
       Conjure Flame     |       |     1 |     4 |     3 ||     8
       Flame Wave        |       |       |     1 |     6 ||     7
       Shock             |       |       |       |     6 ||     6
 Abil: Breathe Lightning |       |       |     5 |     2 ||     7
Evoke: Wand              |       |       |     2 |       ||     2
  Use: Scroll            |     4 |     4 |     8 |     2 ||    18
Armor: Skin              |     9 |     4 |    39 |    21 ||    73
Dodge: Dodged            |    19 |    13 |    81 |    47 ||   160
Block: Other             |       |       |    17 |    23 ||    40
